 Dungeon Crawl Stone Soup version 0.27-a0-684-g359e429f13 (webtiles) character file.

Game seed: 14080421738980470910

688 Aggronaut the Slicer (level 7, -19/41 HPs)
             Began as a Kobold Berserker on Mar 20, 2021.
             Was a Priest of Trog.
             Killed from afar by Pikel (28 damage)
             ... with a bolt of acid
             ... on level 5 of the Dungeon.
             The game lasted 00:10:02 (6278 turns).

Aggronaut the Slicer (Kobold Berserker)             Turns: 6278, Time: 00:10:03

Health: -19/41     AC:  7    Str: 14    XL:     7   Next: 94%
Magic:  7/7        EV:  9    Int:  8    God:    Trog [***...]
Gold:   134        SH:  9    Dex: 17    Spells: 6/6 levels left

rFire    . . .     SeeInvis .   r - +1 short sword (drain)
rCold    . . .     Faith    .   m - +0 kite shield
rNeg     . . .     Spirit   .   f - +0 scale mail
rPois    .         Reflect  .   (no helmet)
rElec    .         Harm     .   h - +0 cloak
rCorr    .         Rampage  .   (no gloves)
Will     .....                  (no boots)
Stlth    ++........             (no amulet)
HPRegen  0.13/turn              (no ring)
MPRegen  0.10/turn              (no ring)

@: berserk cooldown, slowed, very slow
A: small, no large weapons, nightstalker 3
a: Renounce Religion, Berserk, Trog's Hand


You were on level 5 of the Dungeon.
You worshipped Trog.
Trog was most pleased with you.
You visited 1 branch of the dungeon, and saw 5 of its levels.

You collected 175 gold pieces.
You spent 41 gold pieces at shops.

Inventory:

Hand Weapons
 a - a +0 short sword
 r - a +1 short sword of draining (weapon)
 s - a +0 dagger of venom
Armour
 f - a +0 scale mail (worn)
 h - a +0 cloak (worn)
 m - a +0 kite shield (worn)
 n - the +1 robe "Apno" {rF- rN+ Int+4 Dex+4}
   (You found it on level 4 of the Dungeon)

   It affects your intelligence (+4).
   It affects your dexterity (+4).
   It makes you vulnerable to fire.
   It protects you from negative energy.
Wands
 t - a wand of iceblast (9)
Scrolls
 d - 2 scrolls of identify
 i - a scroll of fear {unknown}
 j - a scroll of enchant armour {unknown}
 k - a scroll of blinking {unknown}
 l - a scroll of vulnerability {unknown}
 u - a scroll of teleportation {unknown}
 v - a scroll of amnesia {unknown}
Potions
 c - a potion of berserk rage {unknown}
 e - a potion of degeneration {unknown}
 g - a potion of curing
 o - a potion of invisibility {unknown}
 p - a potion of resistance {unknown}
 q - a potion of attraction {unknown}


   Skills:
 - Level 3.6 Fighting
 + Level 10.2 Short Blades
 - Level 1.7 Armour
 - Level 2.5 Dodging
 - Level 1.2 Stealth
 + Level 2.2 Shields


You had 6 spell levels left.
You didn't know any spells.
Your spell library contained the following spells:

 Spells                   Type           Power      Damage    Failure   Level
 Animate Skeleton         Necr           0%         N/A       100%        1
 Apportation              Tloc           0%         N/A       100%        1
 Corona                   Hex            0%         N/A       100%        1
 Summon Small Mammal      Summ           0%         N/A       100%        1


Dungeon Overview and Level Annotations

Branches:
Dungeon (5/15)
 Temple: D:4-7

Altars:
Cheibriados
Kikubaaqudgha

Shops:
D:1 ?   D:2 *

Annotations:
D:5 Pikel


Innate Abilities, Weirdness & Mutations

You are small and have problems with some larger weapons.
You are completely attuned to the shadows.


Message History

You block the lemure's attack.
You barely miss the lemure.
The lemure is moderately wounded.
The lemure shouts!
You hear a shout!
You hit the lemure.
The lemure is heavily wounded.
The lemure hits you.
You puncture the lemure!
The lemure is severely wounded.
You puncture the lemure!
You kill the lemure!
That felt strangely unrewarding.
A lemure comes into view.
The lemure shouts!
The lemure hits you but does no damage.
Pikel hits you with a +0 whip of freezing.
Pikel freezes you.
Found a gnarled glowing staff.
Things that are here:
a +0 giant club; an ogre corpse You barely miss Pikel.
You puncture Pikel! You drain Pikel.
Pikel is moderately wounded.
You block the lemure's attack.
Pikel hits you with a +0 whip of freezing.
Pikel freezes you.
You barely miss Pikel.
Pikel is moderately wounded.
The lemure closely misses you.
You puncture Pikel!
Pikel is severely wounded.
You are no longer berserk.
You are exhausted.
You feel yourself slow down.
Pikel zaps a wand.
The bolt of acid hits you!
You are splashed with acid!
* * * LOW HITPOINT WARNING * * *
As you read the scroll of fog, it crumbles to dust.
The scroll dissolves into smoke.
Pikel zaps a wand.
The bolt of acid hits you!!
Ouch! That really hurt!
You die...

#..# .# #...##.#
#|.....# #.#....#
#...)..# ####5§.#
########K5.#
#.....§@§..#
#.....§§§..#
#..........# .
#..........#
.#########.....>....#
..#............####.#
....########...#
.##.########<..#
..........##..##


You could see Pikel (drained) and 2 lemures.

Vanquished Creatures
  An ogre (D:5)
  A lemure (D:5)
  A bullfrog (D:3)
  A scorpion (D:4)
  A centaur zombie (D:3)
  Crazy Yiuf (D:3)
  An orc priest (D:3)
  A centaur skeleton (D:5)
  Ijyb (D:4)
  Terence (D:3)
  An orc wizard (D:3)
  Natasha (thrice) (D:2)
  2 worker ants
  6 adders
  2 adder zombies (D:3)
  4 adder skeletons (D:3)
  2 worms
  3 dart slugs
  A leopard gecko (D:1)
  12 orcs
  9 bats
  3 giant cockroaches
  7 goblins
  9 hobgoblins
  8 jackals
  6 kobolds
  2 quokkas (D:3)
  3 frilled lizards
  A jackal zombie (D:3)
  8 rats
102 creatures vanquished.

Vanquished Creatures (others)
  7 withered plants (D:3)
7 creatures vanquished.

Grand Total: 109 creatures vanquished

Notes
Turn   | Place    | Note
-------+----------+-------------------------------------------
     0 | D:1      | Aggronaut the Kobold Berserker began the quest for the Orb.
     0 | D:1      | Reached XP level 1. HP: 14/14 MP: 1/1
   137 | D:1      | Reached skill level 1 in Stealth
   144 | D:1      | Reached XP level 2. HP: 11/19 MP: 2/2
   340 | D:1      | Found Uclid's Magic Scroll Boutique.
   382 | D:1      | Bought a scroll of identify for 20 gold pieces
   523 | D:1      | Reached XP level 3. HP: 23/23 MP: 3/3
   827 | D:1      | Reached ** piety under Trog
  1036 | D:2      | Found Vano's Assorted Antiques.
  1046 | D:2      | Reached skill level 5 in Short Blades
  1054 | D:2      | Bought a scroll labelled JECODO CONYSTRAOSK for 21 gold
                  | pieces
  1800 | D:2      | Reached XP level 4. HP: 28/28 MP: 4/4
  1840 | D:2      | Noticed Natasha
  1848 | D:2      | Killed Natasha
  1849 | D:2      | Reached skill level 6 in Short Blades
  1902 | D:2      | Noticed Natasha
  1914 | D:2      | Killed Natasha
  1915 | D:2      | Reached XP level 5. HP: 23/32 MP: 5/5
  1943 | D:2      | Noticed Natasha
  1948 | D:2      | Killed Natasha
  2226 | D:3      | Reached skill level 7 in Short Blades
  2336 | D:3      | Reached XP level 6. HP: 21/37 MP: 6/6
  2495 | D:3      | Reached *** piety under Trog
  2552 | D:3      | Reached skill level 8 in Short Blades
  3052 | D:3      | Noticed Terence
  3068 | D:3      | Killed Terence
  3253 | D:3      | Reached skill level 9 in Short Blades
  3253 | D:3      | Reached XP level 7. HP: 19/41 MP: 7/7
  3897 | D:3      | Found a snail-covered altar of Cheibriados.
  4043 | D:3      | Found a runed translucent door.
  4046 | D:3      | Noticed Crazy Yiuf
  4051 | D:3      | Killed Crazy Yiuf
  4283 | D:4      | Found an ancient bone altar of Kikubaaqudgha.
  4321 | D:4      | Identified the +1 robe "Apno" {rF- rN+ Int+4 Dex+4}
  4922 | D:4      | Noticed Ijyb
  5069 | D:4      | Killed Ijyb
  5070 | D:4      | Reached skill level 1 in Shields
  5268 | D:4      | Found an ancient bone altar of Kikubaaqudgha.
  6202 | D:5      | Entered Level 5 of the Dungeon
  6211 | D:5      | Reached skill level 10 in Short Blades
  6265 | D:5      | Noticed Pikel
  6278 | D:5      | Killed from afar by Pikel

Illustrated notes

Levels and vault maps discovered:
D:1:      psy_arrival_statuary, layout_loops_ring, serial_shops,
          nicolae_shop_waterfront
D:2:      layout_basic, serial_shops, shop, uniq_natasha
D:3:      layout_loops_ring, serial_undead, serial_undead_a, serial_undead_d,
          serial_undead_a, serial_undead_f, serial_undead_b, serial_undead_f,
          kennysheep_slug_shrine, uniq_terence, uniq_crazy_yiuf_cottage
D:4:      layout_loops_corners, nicolae_kikubaaqudgha_miasma_corner,
          kennysheep_flooded_box, uniq_ijyb
D:5:      layout_basic, nicolae_overflow_hidden_temple,
          minmay_temple_entry_glass, ebering_ghost_reflecting_pool, uniq_pikel

Skill      XL: |  1  2  3  4  5  6  7 |
---------------+----------------------+-----
Stealth        | 1 |  1.2
Short Blades   | 5 6 7 9 10 | 10.2
Shields        | 2 |  2.2
Fighting       | |  3.6
Armour         | |  1.7
Dodging        | |  2.5

Action                   |  1- 3 |  4- 6 |  7- 9 || total
-------------------------+-------+-------+-------++-------
Melee: Short sword       |   100 |   198 |   217 ||   515
Invok: Berserk           |       |     4 |     3 ||     7
       Trog's Hand       |       |     1 |       ||     1
  Use: Scroll            |     3 |       |     1 ||     4
       Potion            |       |       |     1 ||     1
 Stab: Sleeping          |    11 |     4 |     1 ||    16
Armor: Animal skin       |    10 |       |       ||    10
       Scale mail        |    20 |    47 |    47 ||   114
       Skin              |       |       |     5 ||     5
Dodge: Dodged            |    70 |    98 |    70 ||   238
Block: Kite shield       |       |       |    44 ||    44

Table legend: (Time is in decaauts)
 A = Elapsed time spent in this place.
 B = Non-inter-level travel time spent in this place.
 C = Inter-level travel time spent in this place.
 D = Time resting spent in this place.
 E = Time spent auto-exploring this place.
 F = Levels seen in this place.
 G = Mean time per level.
                   A        B        C        D        E       F      G
               +--------+--------+--------+--------+--------+-----+--------+
         Total |   6214 |   6121 |     93 |   1936 |   3190 |   5 | 1242.8 |
       Dungeon |   6214 |   6121 |     93 |   1936 |   3190 |   5 | 1242.8 |
               +--------+--------+--------+--------+--------+-----+--------+

Top non-repeatable levels by time:
     D:3: 2012 daAuts
     D:4: 1923 daAuts
     D:2: 1190 daAuts
     D:1: 1017 daAuts
     D:5: 70 daAuts
